 Dungeon Crawl Stone Soup version 0.31.0-9-g3a7656b989 (webtiles) character file.

Game seed: 8728526661570718851

151 qw the Shooter (level 5, -4/26 HPs)
             Began as a Spriggan Hunter on Feb 2, 2024.
             Slain by a scorpion (7 damage)
             ... on level 4 of the Dungeon.
             The game lasted 00:00:08 (2110 turns).

qw the Shooter (Spriggan Hunter)                    Turns: 2110, Time: 00:00:08

Health: -4/26      AC:  2    Str:  7    XL:     5   Next: 11%
Magic:  6/6        EV: 20    Int: 11    God:
Gold:   150        SH:  0    Dex: 20    Spells: 4/4 levels left

rFire   . . .        a - +1 shortbow
rCold   . . .        (shield currently unavailable)
rNeg    . . .        c - +0 robe
rPois   .            (helmet restricted)
rElec   .            (no cloak)
rCorr   .            (gloves unavailable)
SInv    +            (boots unavailable)
Will    .....        g - amulet of regeneration
Stlth   ++           (no ring)
HPRegen 1.04/turn    (no ring)
MPRegen 0.10/turn

%: no passive effects
@: lethally poisoned (-4 -> -5), about to teleport, very quick
A: very small, no large weapons, unfitting armour, see invisible, speed 3
a: no special abilities


You were on level 4 of the Dungeon.
You visited 1 branch of the dungeon, and saw 4 of its levels.

You collected 150 gold pieces.


Innate Abilities, Weirdness & Mutations

You are very small and have problems with some larger weapons.
You are too small for most types of armour.
You have supernaturally acute eyesight. (SInv)
You cover ground extremely quickly. (Speed+++)


   Skills:
 - Level 2.0 Fighting
 + Level 5.3 Ranged Weapons
 - Level 5.0 Dodging
 - Level 1.5 Stealth


You had 4 spell levels left.
You didn't know any spells.
Your spell library was empty.

Inventory:

Hand Weapons
 a - a +1 shortbow (weapon)
Armour
 c - a +0 robe (worn)
Jewellery
 g - an amulet of regeneration (around neck)
Scrolls
 h - a scroll of identify
Potions
 d - a potion of cancellation
 f - a potion of curing

Dungeon Overview and Level Annotations

Branches:
Dungeon (4/15)
 Temple: D:4-7

Altars:
Gozag


Message History

You feel sick. The scorpion misses you.
You shoot an arrow.
The arrow completely misses the scorpion.
You feel sick. The scorpion barely misses you.
You shoot an arrow. The arrow closely misses the scorpion.
You feel sick. The scorpion misses you. The scorpion stings you.
You shoot an arrow.
The arrow hits the scorpion but does no damage.
The scorpion is almost dead.
You feel sick. The scorpion misses you.
You shoot an arrow. The arrow closely misses the scorpion.
You feel sick. The scorpion closely misses you.
You shoot an arrow. The arrow barely misses the scorpion.
You feel sick.
You are no longer poisoned.
The scorpion barely misses you. The scorpion stings you.
You shoot an arrow. The arrow barely misses the scorpion.
The scorpion barely misses you.
You shoot an arrow.
The arrow hits the scorpion but does no damage.
The scorpion is almost dead.
The scorpion closely misses you. The scorpion barely misses you.
You shoot an arrow. The arrow hits the scorpion.
The scorpion is almost dead.
The scorpion stings you.
You are poisoned.
The scorpion poisons you!
You shoot an arrow.
The arrow hits the scorpion but does no damage.
The scorpion is almost dead.
You feel very sick. The scorpion completely misses you.
The scorpion barely misses you.
2109 ||| READING scroll of teleportation.
As you read the scroll of teleportation, it crumbles to dust.
You feel strangely unstable.
You feel very sick. The scorpion misses you.
You shoot an arrow. The arrow closely misses the scorpion.
You feel sick. The scorpion stings you!
You die...

# #+# #.#
#.#.....#.#.# #.#
#.#.......#.#
#.####.#..##.###.#
#......#.........#
#######....##.#####
#.#####.#.....#
##.....#.#######
.......#[#
.......@.#
......s### ..!....
....... .......
....... ......?
...####


You could see a scorpion.

Vanquished Creatures
  Jessica (D:3)
  Robin (D:3)
  3 adders (D:2)
  4 dart slugs
  2 ribbon worms (D:3)
  2 orcs
  8 ball pythons
  3 bats
  8 endoplasms
  2 giant cockroaches
  12 goblins
  5 hobgoblins
  3 jackals (D:1)
  A quokka (D:1)
  3 frilled lizards
  7 kobolds
  4 rats
69 creatures vanquished.

Notes
Turn   | Place    | Note
-------+----------+-------------------------------------------
     0 | D:1      | qw the Spriggan Hunter began the quest for the Orb.
     0 | D:1      | Reached XP level 1. HP: 10/10 MP: 2/2
     0 | D:1      | 0 ||| qw: Version: 0.3-a-155-g5e7d8dd
     0 | D:1      | 0 ||| qw: Game counter: 1108
     0 | D:1      | 0 ||| qw: Melee chars always use a shield: true
     0 | D:1      | 0 ||| qw: God list: Okawaru
     0 | D:1      | 0 ||| qw: Allow faded altars: false
     0 | D:1      | 0 ||| qw: Do Orc after clearing Dungeon:15 true
     0 | D:1      | 0 ||| qw: Do second Lair branch before Depths: true
     0 | D:1      | 0 ||| qw: Lair rune preference: random
     0 | D:1      | 0 ||| qw: Goals: Normal
     0 | D:1      | 0 ||| PLANNING D:1-11
    64 | D:1      | Reached skill level 3 in Dodging
   164 | D:1      | Reached XP level 2. HP: 8/14 MP: 3/3
   473 | D:1      | Reached XP level 3. HP: 18/18 MP: 4/4
   684 | D:1      | 684 ||| UPGRADING to amulet of regeneration.
   689 | D:1      | 689 ||| READING 2 scrolls labelled OLOZXE UWUIS.
   692 | D:1      | 692 ||| READING 2 scrolls labelled MOREMM UTODDUTU.
   692 | D:1      | 692 ||| IDENTIFYING sapphire potion
   693 | D:1      | 693 ||| READING scroll of identify.
   693 | D:1      | 693 ||| IDENTIFYING sedimented black potion
   694 | D:1      | 694 ||| READING scroll labelled BEMMYMUOSA.
   695 | D:1      | 695 ||| READING scroll labelled TIKEDDYPUR.
   796 | D:1      | 796 ||| DROPPING scroll of butterflies.
   806 | D:2      | 806 ||| STAIRDANCE
   811 | D:2      | 811 ||| STAIRDANCE
  1027 | D:2      | Reached XP level 4. HP: 22/22 MP: 5/5
  1130 | D:2      | Found a faded altar of an unknown god.
  1261 | D:2      | 1261 ||| READING 3 scrolls of identify.
  1261 | D:2      | 1261 ||| IDENTIFYING bubbling ruby potion
  1262 | D:2      | 1262 ||| READING 2 scrolls of identify.
  1262 | D:2      | 1262 ||| IDENTIFYING 2 bubbling green potions
  1263 | D:2      | 1263 ||| READING scroll of identify.
  1263 | D:2      | 1263 ||| IDENTIFYING scroll labelled AMOVVE HUTU
  1264 | D:2      | 1264 ||| READING scroll of enchant weapon.
  1264 | D:2      | 1264 ||| ENCHANTING +0 shortbow.
  1265 | D:2      | 1265 ||| DROPPING 2 potions of berserk rage.
  1266 | D:2      | 1266 ||| DROPPING potion of attraction.
  1637 | D:3      | Noticed Robin
  1646 | D:3      | Killed Robin
  1687 | D:3      | Noticed Jessica
  1689 | D:3      | Killed Jessica
  1690 | D:3      | Reached XP level 5. HP: 26/26 MP: 6/6
  1700 | D:3      | Found an opulent altar of Gozag.
  1940 | D:3      | 1940 ||| READING 2 scrolls of identify.
  1940 | D:3      | 1940 ||| IDENTIFYING viscous clear potion
  1941 | D:3      | 1941 ||| DROPPING potion of invisibility.
  2108 | D:4      | HP: 6/26 [poisoned by a scorpion]
  2109 | D:4      | 2109 ||| READING scroll of teleportation.
  2110 | D:4      | Slain by a scorpion

Levels and vault maps discovered:
D:1:      roadster_arrival_rocket_small, layout_loops_ring,
          nicolae_concentric_dashed_squares_wild
D:2:      layout_rooms, basic_ecumenical_altar
D:3:      layout_rooms, grunt_gozag_statues, serial_co_window_serial,
          co_window_paths_a, co_window_paths_a, co_window_paths_a,
          co_window_paths_a, co_window_cross_1, co_window_corner_ca,
          co_window_corner_ca, co_window_unsneaky_path_e,
          co_window_of_opportunity_b, co_window_unsneaky_path_d,
          glass_columns_c, glass_columns_c, glass_columns_c, glass_columns_b,
          glass_columns_a, uniq_robin, uniq_jessica
D:4:      layout_basic, mainiacjoe_overflow_cross_hatched,
          mainiacjoe_overflow_paths, uniq_menkaure

Skill      XL: |  1  2  3  4 |
---------------+-------------+-----
Dodging        | 3 4 5 |  5.0
Ranged Weapons | 5 |  5.3
Fighting       | 2 |  2.0
Stealth        | |  1.5

Action                     |  1- 3 |  4- 6 || total
---------------------------+-------+-------++-------
   Fire: Shortbow          |    97 |    78 ||   175
    Use: Scroll            |     5 |     6 ||    11
 Armour: Robe              |    11 |     8 ||    19
  Dodge: Dodged            |    35 |    21 ||    56

Table legend:
 A = Non-vault XP
 B = Vault XP
 C = Vault XP percentage of total XP
 D = Non-vault monster count
 E = Vault monster count
 F = Vault count percentage of total count
                 A         B        C        D         E       F
            +---------+---------+-------+---------+---------+-------
      Total |     152 |      65 |  30.0 |      61 |       8 |  11.6
            +---------+---------+-------+---------+---------+-------
        D:1 |      47 |       0 |   0.0 |      24 |       0 |   0.0
        D:2 |      77 |       0 |   0.0 |      24 |       0 |   0.0
        D:3 |      26 |      65 |  71.4 |      12 |       8 |  40.0
        D:4 |       2 |       0 |   0.0 |       1 |       0 |   0.0
            +---------+---------+-------+---------+---------+-------
